 Dungeon Crawl Stone Soup version 0.31.0-11-ge490571c62 (webtiles) character file.

Game seed: 10042603324382407996

39995 safid the Brawler (level 12, -7/97 HPs)
             Began as a Yellow Draconian Shapeshifter on Feb 9, 2024.
             Was a Priest of Ru.
             Mangled by a catoblepas (9 damage)
             ... on level 5 of the Lair of Beasts.
             The game lasted 00:39:51 (20848 turns).

safid the Brawler (Yellow Draconian Shapeshifter)  Turns: 20848, Time: 00:39:52

Health: -7/97      AC: 12    Str: 21    XL:     12   Next: 72%
Magic:  12/12      EV: 27    Int: 10    God:    Ru [***...]
Gold:   1259       SH: 12    Dex: 10    Spells: 11/11 levels left

rFire   + +          +
                       - Unarmed
rCold   + + .        E - +2 shield of Resistance {rF++ rC++ Will++}
rNeg    . . .        (body armour unavailable)
rPois   +            (helmet restricted)
rElec   .            (no cloak)
rCorr   +            (no gloves)
SInv    .            (no boots)
Will    +++..        t - amulet of the acrobat
Stlth   +            d - ring of poison resistance
HPRegen 0.36/turn    o - +4 ring of protection
MPRegen 0.13/turn

%: acrobat
@: maw-form, acrobatic, slowed, very slow
A: devouring maw, spit acid, AC +8, unfitting armour, dopey 1, cold-blooded, no
air magic, no hexes magic, no summoning magic, inexperienced 1, acid resistance,
stinger 1, fire resistance 1, strong-willed 1
a: Breathe Acid, Begin Untransformation, Renounce Religion, Draw Out Power


You were on level 5 of the Lair of Beasts.
You worshipped Ru.
Ru was most pleased with you.
You were a creature with a mouth for a stomach.
You visited 2 branches of the dungeon, and saw 16 of its levels.
You also visited: Sewer, Ossuary and Gauntlet.

You collected 1391 gold pieces.
You spent 132 gold pieces at shops.

Inventory:

Missiles
 A - 8 javelins
 M - 4 curare-tipped darts
 O - a throwing net
Armour
 E - the +2 shield of Resistance (worn) {rF++ rC++ Will++}
   (You found it on level 6 of the Dungeon)

   rF++:      It greatly protects you from fire.
   rC++:      It greatly protects you from cold.
   Will++:    It greatly increases your willpower.
Jewellery
 d - a ring of poison resistance (left hand)
 h - a ring of flight
 o - a +4 ring of protection (right hand)
 t - an amulet of the acrobat (around neck)
 D - a ring of protection from cold
 T - the ring "Gaduidgho" {rN+ rCorr MP-9 Str+3}
   (You found it in a Gauntlet)

   [ring of positive energy]

   Str+3:     It affects your strength (+3).
   rN+:       It protects you from negative energy.
   MP-9:      It affects your magic capacity (-9).
   rCorr:     It protects you from acid and corrosion.
Talismans
 b - a beast talisman
 c - a flux talisman
 R - a maw talisman (active)
Wands
 f - a wand of mindburst (15)
 v - a wand of flame (40)
 x - a wand of quicksilver (27) (quivered)
 G - a wand of charming (5)
 K - a wand of roots (10)
 L - a wand of digging (8)
Scrolls
 e - a scroll of fear
 g - a scroll of identify
 i - 2 scrolls of poison
 r - 5 scrolls of teleportation
 s - 3 scrolls of silence
 u - 4 scrolls of fog
 z - 3 scrolls of blinking
 B - 3 scrolls of enchant armour
Potions
 a - 8 potions of lignification
 j - 2 potions of resistance
 l - 11 potions of curing
 n - 5 potions of haste
 q - 4 potions of ambrosia
 w - a potion of might
 C - 3 potions of cancellation
 F - a potion of magic {unknown}
 H - 2 potions of invisibility
 I - 3 potions of mutation
 J - 3 potions of berserk rage
 Q - 4 potions of enlightenment
Miscellaneous
 y - a phantom mirror
 S - a sack of spiders
 U - a phial of floods


   Skills:
 + Level 6.3 Fighting
 - Level 4.0 Dodging
 - Level 10.0 Shields
 + Level 17.9 Unarmed Combat
 * Level 10.2 Shapeshifting


You had 11 spell levels left.
You didn't know any spells.
Your spell library contained the following spells:

 Spells                   Type           Power      Damage    Failure   Level
 Blink                    Tloc           0%         N/A       71%         2
 Lesser Beckoning         Tloc           0%         N/A       71%         2
 Gell's Gravitas          Tloc           0%         N/A       91%         3
 Passwall                 Erth           0%         N/A       91%         3
 Teleport Other           Tloc           0%         N/A       91%         3
 Animate Dead             Necr           0%         N/A       100%        4
 Iskenderun's Mystic Bla  Conj/Tloc      0%         2d3       100%        4
 Manifold Assault         Tloc           0%         N/A       100%        4
 Olgreb's Toxic Radiance  Alch           0%         N/A       100%        4
 Petrify                  Alch/Erth      0%         N/A       100%        4
 Borgnjor's Vile Clutch   Necr/Erth      0%         N/A       100%        5
 Death Channel            Necr           0%         N/A       100%        6
 Dispersal                Tloc           0%         N/A       100%        6
 Disjunction              Tloc           0%         N/A       100%        8
 Ensorcelled Hibernation  Hex/Ice        Unusable   N/A       N/A         2
 Swiftness                Air            Unusable   N/A       N/A         3
 Tukima's Dance           Hex            Unusable   N/A       N/A         3
 Dimensional Bullseye     Hex/Tloc       Unusable   N/A       N/A         4

Dungeon Overview and Level Annotations

Branches:
Dungeon (11/15)            Temple (0/1) D:6            Lair (5/5) D:11
  Swamp (0/4) Lair:3        Snake (0/4) Lair:3          Orc (0/2) D:10
  Sewer (visited)         Ossuary (visited)         Gauntlet (visited)
  Slime: Lair:4-5

Altars:
Ashenzari
Cheibriados
Gozag
Kikubaaqudgha
Makhleb
Nemelex Xobeh
Okawaru
Ru
Wu Jian
The Shining One

Shops:
D:6 *::   D:7 =

Annotations:
D:3 1 runed translucent door, kftrendy's ghost, amateur TrFi
D:8 2 runed translucent doors, ShellytheWitch's ghost, novice MfSh


Innate Abilities, Weirdness & Mutations

You are a creature with a mouth for a stomach.
Your midsection houses a second, enormous mouth.
You can spit globs of acid.
Your golden yellow scales are hard. (AC +8)
You cannot fit into any form of body armour.
You are dopey. (Int -2)
You are cold-blooded and may be slowed by cold attacks.
You cannot study or cast Air magic.
You cannot study or cast Hexes magic.
You cannot study or cast Summoning magic.
You are somewhat inexperienced. (-1 XL)
You are resistant to acid. (rCorr)
Your tail ends in a venomous barb.
Your flesh is heat resistant. (rF+)
You are strong-willed. (Will+)


Message History

The water moccasin is moving more slowly.
The water moccasin misses you.
Unknown command.
Found a smoky red potion.
You feel sick.
The torpor snail stops glowing.
The water moccasin is engulfed in calcifying dust.
The water moccasin stops moving altogether!
The boulder beetle misses you. The torpor snail bites you!
* * * LOW HITPOINT WARNING * * *
The water moccasin is engulfed in calcifying dust. x2
The boulder beetle misses you.
A seven-headed hydra comes into view.
The torpor snail completely misses you.
You enter the shallow water.
Moving in this stuff is going to be slow.
You feel sick.
You are no longer poisoned.
The water moccasin is engulfed in calcifying dust. x3
Unknown command.
The water moccasin is engulfed in calcifying dust. x2
The catoblepas attacks as it pursues you!
The catoblepas misses you.
The water moccasin is engulfed in calcifying dust.
The boulder beetle curls into a ball and begins rolling!
The water moccasin is engulfed in calcifying dust.
You block the catoblepas's attack.
The water moccasin is engulfed in calcifying dust.
The cane toad is engulfed in calcifying dust.
The cane toad is moving more slowly.
The water moccasin is engulfed in calcifying dust.
You block the seven-headed hydra's attack. x2
The seven-headed hydra bites you!
* * * LOW HITPOINT WARNING * * *
The seven-headed hydra bites you.
* * * LOW HITPOINT WARNING * * *
The seven-headed hydra misses you.
The seven-headed hydra completely misses you.
The seven-headed hydra bites you!
* * * LOW HITPOINT WARNING * * *
The catoblepas gores you!
You die...

#. #l#+#######
......F...#
...S..§†..#
..~####§§.# # .
##F.S#
....####Yw.##
#......WD○#.#
#.......B#...#
#.###.#####..!#
## #$.# ###


You could see a catoblepas, a boulder beetle (rolling), a seven-headed hydra, a
torpor snail, a cane toad (petrifying) and a water moccasin (petrified).

Vanquished Creatures
  A minotaur (Gauntlet)
  Josephine (Lair:4)
  3 hydras
  A centaur warrior (D:9)
  An alligator (Lair:3)
  3 death yaks (Lair:3)
  3 two-headed ogres
  A boulder beetle (D:11)
  Pikel (D:6)
  A deep elf zephyrmancer (D:9)
  A manticore (D:9)
  A salamander (Lair:4)
  2 cyclopes
  A gargoyle (D:9)
  4 black mambas
  10 elephants
  6 torpor snails (Lair:2)
  5 komodo dragons
  7 cane toads
  An unseen horror (D:11)
  2 kobold demonologists
  2 polar bears (Lair:4)
  4 trolls
  4 hornets
  Grinder (D:3)
  11 blink frogs
  Prince Ribbit (D:9)
  2 wyverns
  6 shadows
  39 yaks
  7 wraiths
  A basilisk (Lair:3)
  Menkaure (D:7)
  2 steam dragons
  2 vampire mosquitoes (D:11)
  2 nagas (Lair:3)
  An acid dragon (D:10)
  15 water moccasins
  3 orc warriors
  A black bear (Lair:1)
  5 ice beasts
  5 centaurs
  3 wolves (Lair:4)
  4 kobold brigands
  9 bullfrogs
  A gnoll sergeant (D:10)
  A scorpion (D:7)
  4 wights (D:6)
  4 killer bees
  2 electric eels
  A howler monkey (D:6)
  A bombardier beetle (D:4)
  A gnoll bouda (D:8)
  2 hounds
  2 orc priests
  A sleepcap (D:4)
  2 jellies
  8 orc wizards
  7 hell rats (Lair:3)
  8 mummies (Ossuary)
  7 gnolls
  9 adders
  A shadow imp (D:5)
  A white imp (D:5)
  A howler monkey simulacrum (D:9)
  11 dart slugs
  3 ribbon worms
  18 orcs
  18 ball pythons
  15 endoplasms
  11 giant cockroaches
  A gnoll zombie (Ossuary)
  14 goblins
  11 hobgoblins
  9 jackals
  23 kobolds
  4 quokkas
  6 bats
  12 frilled lizards
  5 hobgoblin zombies (Ossuary)
  A kobold zombie (Ossuary)
  An orc zombie (Ossuary)
  5 rats
419 creatures vanquished.

Vanquished Creatures (others)
  A water moccasin (Lair:4)
1 creature vanquished.

Grand Total: 420 creatures vanquished

Notes
Turn   | Place    | Note
-------+----------+-------------------------------------------
     0 | D:1      | safid the Draconian Shapeshifter began the quest for the
                  | Orb.
     0 | D:1      | Reached XP level 1. HP: 16/16 MP: 1/1
   189 | D:1      | Reached XP level 2. HP: 15/23 MP: 2/2
   796 | D:1      | Reached XP level 3. HP: 27/28 MP: 3/3
  1273 | D:2      | Reached XP level 4. HP: 35/35 MP: 4/4
  1680 | D:3      | Reached skill level 4 in Unarmed Combat
  2104 | D:3      | Found a runed translucent door.
  2108 | D:3      | Noticed kftrendy's ghost (amateur TrFi)
  2124 | D:3      | Noticed Grinder
  2184 | D:3      | Killed Grinder
  2185 | D:3      | Reached skill level 5 in Unarmed Combat
  2185 | D:3      | Reached XP level 5. HP: 10/40 MP: 5/5
  2185 | D:3      | Reached XP level 6. HP: 12/47 MP: 6/6
  2614 | D:4      | Found an opulent altar of Gozag.
  2621 | D:4      | Found a sacrificial altar of Ru.
  2690 | D:4      | Became a worshipper of Ru the Awakened
  2809 | D:4      | Found an ancient bone altar of Kikubaaqudgha.
  3016 | D:4      | Identified the +1 hand axe "Roasofiu" {drain, +Blink Will+
                  | Str+2}
  3257 | D:4      | Reached skill level 6 in Unarmed Combat
  3403 | D:5      | Entered Level 5 of the Dungeon
  3403 | D:5      | Noticed an ice beast
  3407 | D:5      | Killed an ice beast
  3408 | D:5      | Your scales start taking on a golden yellow colour.
  3408 | D:5      | Reached XP level 7. HP: 52/52 MP: 7/7
  3408 | D:5      | Gained mutation: You are resistant to acid. (rCorr) [Yellow
                  | Draconian growth]
  3471 | D:5      | Found a glowing drain.
  3505 | Sewer    | Entered a sewer
  3899 | Sewer    | Reached skill level 7 in Unarmed Combat
  4474 | D:5      | Reached XP level 8. HP: 28/61 MP: 8/8
  4824 | D:6      | Found Ocur Jak's General Store.
  4832 | D:6      | Bought a potion of haste for 120 gold pieces
  4832 | D:6      | Bought a potion of degeneration for 12 gold pieces
  4856 | D:6      | Noticed Pikel
  4875 | D:6      | Killed Pikel
  4876 | D:6      | Reached skill level 9 in Unarmed Combat
  5282 | D:6      | Reached skill level 5 in Shapeshifting
  5449 | D:6      | Found a staircase to the Ecumenical Temple.
  5463 | D:6      | Found Voutoiph's Book Shop.
  5522 | D:6      | Found Wueraba's Book Emporium.
  5573 | D:6      | Found the +2 shield of Resistance {rF++ rC++ Will++}
  5884 | D:7      | Found an ornate altar of the Wu Jian Council.
  5897 | D:7      | Reached skill level 10 in Unarmed Combat
  5897 | D:7      | Reached XP level 9. HP: 62/69 MP: 9/9
  5920 | D:7      | Reached skill level 1 in Shields
  6011 | D:7      | Identified the +3 ring mail "Niproivo" {Int+4}
  6044 | D:7      | Found a sand-covered staircase.
  6049 | Ossuary  | Entered an ossuary
  6389 | D:7      | Gained mutation: You are dopey. (Int -2) [Ru sacrifice]
  6754 | D:7      | Found Taiq's Jewellery Shoppe.
  6771 | D:7      | Noticed Menkaure
  6776 | D:7      | Killed Menkaure
  6882 | D:7      | Found an iron altar of Okawaru.
  7054 | D:7      | Reached skill level 11 in Unarmed Combat
  7557 | D:8      | Found a large runed translucent door.
  7557 | D:8      | Found a large runed translucent door.
  7559 | D:8      | Noticed ShellytheWitch's ghost (novice MfSh)
  7991 | D:8      | Found a sparkling altar of Nemelex Xobeh.
  8228 | D:9      | Reached XP level 10. HP: 24/77 MP: 10/10
  8442 | D:9      | Noticed a two-headed ogre
  8459 | D:8      | Killed a two-headed ogre
  8460 | D:8      | Reached skill level 12 in Unarmed Combat
  8722 | D:9      | Found a broken altar of Ashenzari.
  9224 | D:9      | Noticed a deep elf zephyrmancer
  9227 | D:9      | Noticed a centaur warrior
  9235 | D:9      | Killed a centaur warrior
  9236 | D:9      | Reached skill level 5 in Shields
  9240 | D:9      | Killed a deep elf zephyrmancer
  9321 | D:9      | Noticed a gargoyle
  9321 | D:9      | Noticed a manticore
  9325 | D:9      | Killed a manticore
  9326 | D:9      | Reached skill level 13 in Unarmed Combat
  9333 | D:9      | Killed a gargoyle
  9427 | D:9      | Noticed a cyclops
  9433 | D:9      | Killed a cyclops
  9434 | D:9      | Reached XP level 11. HP: 77/84 MP: 11/11
  9662 | D:9      | Noticed Prince Ribbit
  9666 | D:9      | Noticed a two-headed ogre
  9674 | D:9      | Killed Prince Ribbit
  9678 | D:9      | Killed a two-headed ogre
 10077 | D:10     | Entered Level 10 of the Dungeon
 10106 | D:10     | Gained mutation: You cannot study or cast Air magic. [Ru
                  | sacrifice]
 10106 | D:10     | Gained mutation: You cannot study or cast Hexes magic. [Ru
                  | sacrifice]
 10106 | D:10     | Gained mutation: You cannot study or cast Summoning magic.
                  | [Ru sacrifice]
 10106 | D:10     | Reached * piety under Ru
 10648 | D:10     | Identified the +5 trident "Etaoshrunki" {antimagic, Str+3}
 10668 | D:10     | Found a staircase to the Orcish Mines.
 10704 | D:10     | Found a glowing golden altar of the Shining One.
 11290 | D:11     | Found a staircase to the Lair.
 11291 | D:11     | Noticed a two-headed ogre
 11358 | D:11     | HP: 4/84 [komodo dragon (4)]
 11474 | D:11     | Found a gate leading to a gauntlet.
 11482 | Gauntlet | Entered a Gauntlet
 11482 | Gauntlet | Found a transporter.
 11482 | Gauntlet | Found a transporter.
 11530 | Gauntlet | Noticed an arcanist
 11596 | Gauntlet | Found a transporter.
 11611 | Gauntlet | Found a transporter.
 11627 | Gauntlet | Found a transporter.
 11639 | Gauntlet | Found a transporter.
 11644 | Gauntlet | Noticed a dire elephant
 11655 | Gauntlet | Found a transporter.
 11726 | Gauntlet | Found a transporter.
 11737 | Gauntlet | Found a transporter.
 11750 | Gauntlet | Noticed a fire crab
 11751 | Gauntlet | Found a transporter.
 11764 | Gauntlet | Found a transporter.
 11780 | Gauntlet | Found a transporter.
 11847 | Gauntlet | Found a transporter.
 11861 | Gauntlet | Noticed a hell beast
 11863 | Gauntlet | Found a transporter.
 11864 | Gauntlet | Noticed an orange crystal statue
 11874 | Gauntlet | Noticed a blizzard demon
 11891 | Gauntlet | Found a transporter.
 11901 | Gauntlet | Found a transporter.
 12182 | Gauntlet | Reached skill level 14 in Unarmed Combat
 12188 | Gauntlet | Identified the ring "Ekoorgh" {rN+ Int+6}
 12370 | Gauntlet | Identified the ring "Gaduidgho" {rN+ rCorr MP-9 Str+3}
 12494 | Gauntlet | Noticed a minotaur
 12611 | Gauntlet | Killed a minotaur
 12800 | Gauntlet | Identified the staff of Unpleasantness {^Contam rPois Dex+3
                  | Alchemy}
 12801 | Gauntlet | Got the Volume of Shifting Intoxication
 12843 | D:11     | Noticed a boulder beetle
 12878 | D:11     | Gained mutation: You are strong-willed. (Will+) [potion of
                  | mutation]
 12878 | D:11     | Gained mutation: Your flesh is heat resistant. (rF+)
                  | [potion of mutation]
 12878 | D:11     | Gained mutation: Your tail ends in a venomous barb. [potion
                  | of mutation]
 12880 | D:11     | Killed a boulder beetle
 13142 | D:11     | Gained mutation: You are somewhat inexperienced. (-1 XL)
                  | [Ru sacrifice]
 13142 | D:11     | Reached XP level 10. HP: 72/80 MP: 10/10
 13142 | D:11     | Reached ** piety under Ru
 13142 | D:11     | Reached *** piety under Ru
 13267 | D:11     | Noticed a two-headed ogre
 13277 | D:11     | Killed a two-headed ogre
 13817 | D:11     | Reached XP level 11. HP: 85/85 MP: 11/11
 14006 | Lair:1   | Entered Level 1 of the Lair of Beasts
 14046 | Lair:1   | Reached skill level 5 in Fighting
 14136 | Lair:1   | Reached skill level 15 in Unarmed Combat
 15962 | Lair:2   | Found a burning altar of Makhleb.
 16207 | Lair:2   | Reached skill level 16 in Unarmed Combat
 16242 | Lair:2   | Found a snail-covered altar of Cheibriados.
 16907 | Lair:3   | Noticed a seven-headed hydra
 16915 | Lair:3   | Killed a seven-headed hydra
 17435 | Lair:3   | Found a staircase to the Swamp.
 17435 | Lair:3   | Noticed an alligator
 17510 | Lair:3   | Killed an alligator
 17511 | Lair:3   | Reached XP level 12. HP: 67/95 MP: 12/12
 18318 | Lair:3   | Reached skill level 17 in Unarmed Combat
 18490 | Lair:3   | Found a staircase to the Snake Pit.
 19692 | Lair:4   | Reached skill level 10 in Shapeshifting
 19780 | Lair:4   | Reached skill level 10 in Shields
 19781 | Lair:4   | Noticed Josephine
 19797 | Lair:4   | Killed Josephine
 20604 | Lair:5   | Entered Level 5 of the Lair of Beasts
 20848 | Lair:5   | HP: 2/97 [seven-headed hydra (10)]
 20848 | Lair:5   | Mangled by a catoblepas

Illustrated notes

Levels and vault maps discovered:
D:1:      spicycebolla_green_bress_n_ham, layout_basic
D:2:      kennysheep_big_flooded_room, layout_rooms, minivault_5
D:3:      corexii_shack_village, layout_basic, ebering_ghost_reflecting_pool,
          uniq_grinder
D:4:      layout_cave_pods, mainiacjoe_overflow_alcove_4,
          mainiacjoe_overflow_catwalk_spiral
D:5:      nicolae_cairo_tiling_large, layout_rooms, portal_sewer_entry_d
D:6:      layout_loops_cross, minmay_temple_entry_glassed_door, serial_shops,
          nicolae_book_shop_shelving, shop_statue, shop,
          kennysheep_generic_room_9, uniq_pikel
D:7:      layout_loops_corners, hellmonk_okawaru_the_only_friend_you_need,
          mainiacjoe_overflow_24_doors, serial_shops,
          nicolae_shop_pleasant_corner_grove, nicolae_ossuary_entry_plus,
          dreamdust_princess_bridge, kennysheep_generic_room_4, uniq_menkaure
D:8:      layout_basic, lemuel_tele_altar, ebering_ghost_disaster_area,
          dk_vineyard_1
D:9:      nzn_winding_woodlands_stair_cross
          [nzn_winding_woodlands_5x15_longhouse,
          nzn_winding_woodlands_center_diamonds,
          nzn_winding_woodlands_5x15_default,
          nzn_winding_woodlands_5x5_perimeter, nzn_winding_woodlands_5x5_cross,
          nzn_winding_woodlands_5x15_lazy_stream,
          nzn_winding_woodlands_center_lodge,
          nzn_winding_woodlands_5x15_pockets], layout_basic,
          mainiacjoe_overflow_tiny_flanked, uniq_prince_ribbit1
D:10:     layout_stronghold, mainiacjoe_overflow_six_doors_small, orc_0_dummy
D:11:     layout_roguey, lair_entry_dummy, gauntlet_entry_generic
Lair:1:   layout_cave_shapes, beast_lair_carwin_1, serial_bayou_shore_a,
          lemuel_fruit_fields, lemuel_fruit_fields
Lair:2:   layout_long_grid, basic_altar, nicolae_quartered_pool_little,
          kennysheep_snail_temple
Lair:3:   layout_regular_city, mainiacjoe_swamp_entry_lozenge_pond,
          guppyfry_snake_entry_garden, serial_bayou, serial_bayou_lagoon_a,
          serial_bayou_pond_c, serial_bayou_pond_d, serial_bayou_pond_b
Lair:4:   layout_gridlike, uniq_josephine
Lair:5:   due_jungle_book, layout_misc_corridors, slime_entry_1,
          hangedman_lair_generics_rect, uniq_nessos

Skill      XL: |  1  2  3  4  5  6  7  8  9 10 11 12 |
---------------+-------------------------------------+-----
Dodging        | 2 3 4 |  4.0
Unarmed Combat | 5 6 7 10 11 13 16 17 | 17.9
Shapeshifting  | 4 5 6 7 9 10 | 10.2
Fighting       | 2 3 4 5 6 |  6.3
Shields        | 3 6 9 10 | 10.0

Action                     |  1- 3 |  4- 6 |  7- 9 | 10-12 || total
---------------------------+-------+-------+-------+-------++-------
  Melee: Unarmed           |   119 |   146 |   466 |   928 ||  1659
         Tailslap          |     8 |    17 |    56 |   164 ||   245
         Punch             |     4 |     3 |     7 |       ||    14
         Maw               |       |       |       |    10 ||    10
 Invoke: Reject Sacrifices |       |       |     1 |     1 ||     2
         Sacrifice Purity  |       |       |     1 |       ||     1
         Sacrifice Experie |       |       |       |     1 ||     1
         Sacrifice Arcana  |       |       |       |     1 ||     1
Ability: Breathe Acid      |       |       |       |     5 ||     5
  Evoke: Wand              |       |     4 |       |       ||     4
    Use: Potion            |       |       |     1 |    10 ||    11
         Scroll            |       |       |     9 |    13 ||    22
   Stab: Sleeping          |     1 |     1 |       |       ||     2
         Invisible         |       |       |       |     3 ||     3
 Armour: Skin              |    79 |    68 |   261 |   450 ||   858
  Dodge: Dodged            |   134 |    79 |   253 |   338 ||   804
  Block: Kite shield       |       |       |    61 |   455 ||   516
   Form: Maw               |       |       |       |     1 ||     1
